 Dungeon Crawl Stone Soup version 0.30-a0-634-g8abc85282e (webtiles) character file.

Game seed: 14161894449492675538

3337 kae the Changer (level 9, -3/70 HPs)
             Began as a Demonspawn Transmuter on Jan 14, 2023.
             Slain by a gnoll
             ... wielding a +0 halberd
              (9 damage)
             ... on level 7 of the Dungeon.
             The game lasted 00:07:28 (6001 turns).

kae the Changer (Demonspawn Transmuter)             Turns: 6001, Time: 00:07:28

Health: -3/70      AC:  8    Str: 12    XL:     9   Next: 72%
Magic:  13/17      EV: 10    Int: 18    God:
Gold:   361        SH:  5    Dex: 13    Spells: 9/19 levels left

rFire   x . .      SeeInvis .      - Unarmed
rCold   + + +      Faith    .    (shield currently unavailable)
rNeg    . . .      Spirit   .    (body armour currently unavailable)
rPois   +          Reflect  +    (helmet currently unavailable)
rElec   .          Harm     .    (cloak currently unavailable)
rCorr   .          Rampage  .    (gloves currently unavailable)
Will    .....                    (boots currently unavailable)
Stlth   +                        n - amulet of reflection
HPRegen 1.31/turn                (no ring)
MPRegen 0.15/turn                (no ring)

@: lethally poisoned (-3 -> -3), ice-form, wereblooded
A: freezing attack, amphibious, boosted hp, large, (claws 1), (molten scales 1),
ignite blood 2, powered by death 1
a: End Transformation


You were on level 7 of the Dungeon.
You were a creature of crystalline ice.
You visited 2 branches of the dungeon, and saw 8 of its levels.

You collected 361 gold pieces.


Innate Abilities, Weirdness & Mutations

You are a creature of crystalline ice.
You have a powerful freezing melee attack.
You are amphibious.
Your maximum health is increased.
Your armour is entirely melded.
You are incapable of wielding weapons or throwing items.
((You have sharp fingernails.))
((You are partially covered in molten scales. (AC +2)))
Your demonic aura often causes spilled blood to erupt in flames.
You regenerate a little health from kills.


   Skills:
 - Level 1.0 Fighting
 - Level 1.7 Dodging
 + Level 5.9 Unarmed Combat
 + Level 5.6 Spellcasting
 * Level 7.8 Transmutations
 * Level 6.3 Ice Magic
 - Level 1.8 Poison Magic


You had 9 spell levels left.
You knew the following spells:

 Your Spells              Type           Power      Damage    Failure   Level
a - Beastly Appendage     Tmut           66%        N/A       1%          1
b - Wereblood             Tmut           33%        N/A       1%          2
c - Spider Form           Tmut/Pois      22%        N/A       5%          3
d - Ice Form              Ice/Tmut       30%        N/A       7%          4

Your spell library contained the following spells:

 Spells                   Type           Power      Damage    Failure   Level
 Sting                    Tmut/Pois      88%        1d7       1%          1
 Passwall                 Tmut/Erth      15%        N/A       3%          2
 Ensorcelled Hibernation  Hex/Ice        32%        N/A       5%          2
 Poisonous Vapours        Pois/Air       16%        N/A       13%         2
 Cigotuvi's Dreadful Rot  Necr/Pois/Air  14%        N/A       14%         2
 Mephitic Cloud           Conj/Pois/Air  7%         N/A       28%         3
 Call Canine Familiar     Summ           5%         N/A       36%         3
 Portal Projectile        Hex/Tloc       10%        N/A       36%         3
 Swiftness                Air            5%         N/A       36%         3
 Olgreb's Toxic Radiance  Pois           11%        N/A       52%         4
 Leda's Liquefaction      Hex/Erth       2%         N/A       77%         4
 Borgnjor's Revivificati  Necr           2%         N/A       100%        8
 Necromutation            Tmut/Necr      9%         N/A       100%        8
 Death's Door             Necr           2%         N/A       100%        9

Inventory:

Missiles
 e - 8 poisoned darts
 g - 44 stones
 s - 2 atropa-tipped darts
Armour
 a - a +0 robe (melded)
 b - a +2 pair of gloves
   (You found it on level 5 of the Dungeon)
 m - a +0 cloak (melded)
   (You found it on level 1 of the Dungeon)
 q - a +1 pair of gloves
   (You found it on level 3 of the Dungeon)
Magical Staves
 o - a staff of cold {!a}
   (You found it on level 2 of the Dungeon)
Jewellery
 n - an amulet of reflection (around neck)
   (You found it on level 2 of the Dungeon)
Scrolls
 j - 2 scrolls of blinking {!r}
 p - a scroll of fear
 t - 3 scrolls of enchant armour
 v - 2 scrolls of teleportation {@r4}
 w - a scroll of noise {!r}
Potions
 c - 4 potions of haste {@q3}
 d - 3 potions of heal wounds {unknown}
 f - a potion of berserk rage {!q}
 h - a potion of brilliance
 i - 2 potions of flight
 k - 2 potions of attraction {!q}
 l - a potion of resistance {unknown}
 u - 2 potions of might {unknown}
 z - 2 potions of curing {@q1}

Dungeon Overview and Level Annotations

Branches:
Dungeon (7/15) Zot: 26692  Temple (1/1) D:4 Zot: 5797

Altars:
Ashenzari
Dithmenos
Kikubaaqudgha
Makhleb
Okawaru
Uskayaw
Wu Jian
Xom

Shops:
D:1 !   D:7 *

Annotations:
D:7 2 transporters

... #................
...#####.....>.......#.
.....#.......#.........
.......................
...........).##.......#
.......∩...............
..####....###..........
...## #....###..g○{.....
....###..####..†Y†g.....
.....###.......†.l......
......##......#####.©.##
#....##......## ###.
#..#..#..##.## ©..
..###..)###.# .. ..
...##..†##..# .... .
............#l...#
............##g©..


You could see a wyvern and 2 gnolls.


Message History

The killer bee stings you but does no damage.
You punch the killer bee! You freeze the killer bee.
You feel a bit better.
You kill the killer bee!
You howl as the wereblood boils in your veins!
You hear a shout!
A wyvern comes into view.
The killer bee stings you but does no damage.
The centaur shoots an arrow.
The arrow hits you.
A gnoll comes into view. It is wielding a +0 halberd.
The killer bee stings you. 😕 HP[-6] MP[+1]
You take 6 damage, and now have 58/70 hp.
You punch the killer bee! You freeze the killer bee.
You feel a bit better.
You kill the killer bee!
The killer bee stings you.
You are poisoned.
The killer bee poisons you!
A gnoll comes into view. It is wielding a +0 club.
The killer bee misses you.
The killer bee stings you but does no damage.
You closely miss the killer bee.
You feel sick. You block the killer bee's attack.
The killer bee stings you but does no damage.
Something hits you. 😕 HP[+3]
You regained 3 hp, and now have 61/70 hp.
You punch the killer bee! You freeze the killer bee!
You feel a bit better.
You kill the killer bee!
You feel sick. The killer bee misses you. You block the killer bee's attack.
Something hits you! 😕 HP[-4]
You take 4 damage, and now have 57/70 hp.
Unknown command.
You feel sick.
The killer bee stings you but does no damage.
The killer bee barely misses you. Something hits you.
Things that are here:
a killer bee corpse; a killer bee corpse 😕 HP[-3]
You take 3 damage, and now have 54/70 hp.
The steam dragon hisses angrily.
You punch the centaur! You freeze the centaur.
You feel sick. You block the killer bee's attack. The wyvern barely misses you.
The centaur unwields a +0 shortbow.
The centaur wields a +0 scimitar.
The centaur barely misses you. The centaur completely misses you.
The killer bee stings you but does no damage.
The wyvern barely misses you. Something hits you but does no damage.
The hornet buzzes angrily.
You punch the centaur! You freeze the centaur.
You feel a bit better.
You kill the centaur!
You feel sick. The killer bee closely misses you.
The wyvern closely misses you. The killer bee barely misses you.
Something hits you.
The gnoll closely misses you. 😕 HP[+3] MP[+1]
You regained 3 hp, and now have 57/70 hp.
You hit the killer bee but do no damage.
You feel sick. You block the killer bee's attack. The wyvern bites you.
Something hits you.
The wyvern hisses menacingly.
The wyvern bites you.
The gnoll hits you from afar with a +0 halberd.
The killer bee completely misses you.
You are too injured to fight recklessly!
You are too injured to fight recklessly!
You are too injured to fight recklessly! 😮 HP[-16]
You take 16 damage, and now have 41/70 hp.
MASSIVE DAMAGE!! (PAUSE)
You are too injured to fight recklessly!
You are too injured to fight recklessly!
You punch the killer bee! You freeze the killer bee.
You feel sick.
You are no longer poisoned.
The killer bee stings you.
You are poisoned.
The killer bee poisons you! The wyvern bites you. 😮 HP[-4]
You take 4 damage, and now have 37/70 hp.
You closely miss the killer bee.
You feel sick. You block the killer bee's attack. Something hits you!
* * * LOW HITPOINT WARNING * * *
The gnoll closely misses you. The wyvern bites you!
* * * LOW HITPOINT WARNING * * *
The killer bee closely misses you. 😱 HP[-22]
You take 22 damage, and now have 15/70 hp.
MASSIVE DAMAGE!! (PAUSE)
You punch the killer bee! You freeze the killer bee.
You feel a bit better.
You kill the killer bee!
You feel sick.
The wyvern bites you but does no damage.
The gnoll hits you with a +0 club.
* * * LOW HITPOINT WARNING * * *
Something hits you but does no damage. The gnoll closely misses you.
The wyvern bites you.
* * * LOW HITPOINT WARNING * * *
😱 HP[-8]
You take 8 damage, and now have 7/70 hp.
Unknown command.
You punch the gnoll! You freeze the gnoll.
You feel sick. Something hits you!
You die...

Skill      XL: |  1  2  3  4  5  6  7  8  9 |
---------------+----------------------------+-----
Transmutations | 2 3 4 5 6 7 |  7.8
Unarmed Combat | 3 4 5 |  5.9
Poison Magic   | 1 |  1.8
Spellcasting   | 3 4 5 |  5.6
Ice Magic      | 1 3 5 6 |  6.3
Fighting       | |  1.0
Dodging        | |  1.7

Action                   |  1- 3 |  4- 6 |  7- 9 || total
-------------------------+-------+-------+-------++-------
Melee: Unarmed           |   142 |   106 |   181 ||   429
       Kick              |    19 |    11 |       ||    30
       Headbutt          |    10 |    10 |       ||    20
       Punch             |     1 |     1 |       ||     2
 Cast: Beastly Appendage |    26 |    14 |     1 ||    41
       Wereblood         |     1 |     1 |     4 ||     6
       Spider Form       |       |     7 |       ||     7
       Ice Form          |       |     1 |    17 ||    18
  Use: Scroll            |       |     5 |    12 ||    17
       Potion            |       |     1 |     1 ||     2
 Stab: Sleeping          |     4 |       |       ||     4
Armor: Robe              |    34 |    18 |     1 ||    53
       Skin              |       |     2 |    52 ||    54
Dodge: Dodged            |    80 |    81 |    80 ||   241
Block: Other             |    10 |    24 |    37 ||    71
       Reflection        |       |       |     1 ||     1

Levels and vault maps discovered:
D:1:      lemuel_arrival_lava_pool, layout_basic, serial_shops,
          nicolae_shop_stone, minmay_quantized
D:2:      layout_loops_ring, uniq_robin
D:3:      layout_basic, shapermc_ecumenical_altar_pompeii,
          kennysheep_crisscross, kennysheep_nub
D:4:      layout_loops_corners, minmay_temple_entry_offerings,
          serial_bayou_lagoon_b, uniq_menkaure, uniq_edmund
D:5:      layout_rooms
D:6:      layout_loops_cross, chequers_serial_rivers_large_b
D:7:      gammafunk_the_bubble [the_bubble_gammafunk_roulette],
          layout_cave_pools, minmay_shop_damaged, uniq_crazy_yiuf_cottage,
          uniq_joseph
Temple:   nicolae_temple_bog_church

Notes
Turn   | Place    | Note
-------+----------+-------------------------------------------
     0 | D:1      | kae the Demonspawn Transmuter began the quest for the Orb.
     0 | D:1      | Reached XP level 1. HP: 15/15 MP: 3/3
     0 | D:1      | magus.rc [v1.11.3]
    10 | D:1      | Found Moluwkiep's Distillery.
    23 | D:1      | Reached skill level 2 in Transmutations
    89 | D:1      | Gained mutation: Your demonic aura sometimes causes spilled
                  | blood to erupt in flames. [demonic ancestry]
    89 | D:1      | Reached XP level 2. HP: 21/21 MP: 3/5
   148 | D:1      | You pick up a book of the Hunter and begin reading...
   148 | D:1      | You add the spells Call Canine Familiar, Portal Projectile
                  | and Leda's Liquefaction to your library.
   525 | D:1      | Reached skill level 3 in Unarmed Combat
   592 | D:1      | Gained mutation: Your demonic aura often causes spilled
                  | blood to erupt in flames. [demonic ancestry]
   592 | D:1      | Reached XP level 3. HP: 26/26 MP: 4/6
   595 | D:1      | Learned a level 2 spell: Wereblood
   599 | D:1      | Learned a level 3 spell: Spider Form
  1475 | D:2      | Reached skill level 1 in Poison Magic
  1504 | D:2      | Reached skill level 3 in Transmutations
  1505 | D:2      | Noticed Robin
  1511 | D:2      | Gained mutation: You regenerate a little health from kills.
                  | [demonic ancestry]
  1511 | D:2      | Reached XP level 4. HP: 32/32 MP: 4/7
  1527 | D:2      | Killed Robin
  2102 | D:3      | Reached XP level 5. HP: 37/37 MP: 4/9
  2234 | D:3      | Found a faded altar of an unknown god.
  2657 | D:3      | Reached skill level 3 in Spellcasting
  2836 | D:4      | You add the spells Borgnjor's Revivification, Necromutation
                  | and Death's Door to your library.
  2894 | D:4      | Reached skill level 4 in Transmutations
  2894 | D:4      | Reached XP level 6. HP: 42/43 MP: 5/10
  3251 | D:4      | Learned a level 4 spell: Ice Form
  3261 | D:4      | Reached skill level 1 in Ice Magic
  3330 | D:4      | Noticed Edmund
  3334 | D:4      | Noticed Menkaure
  3341 | D:4      | Killed Edmund
  3342 | D:4      | Reached skill level 4 in Unarmed Combat
  3344 | D:4      | Killed Menkaure
  3345 | D:4      | Gained mutation: You have sharp fingernails. [demonic
                  | ancestry]
  3345 | D:4      | Reached XP level 7. HP: 40/48 MP: 4/12
  3453 | D:4      | Found a staircase to the Ecumenical Temple.
  3456 | D:4      | You add the spells Sting, Poisonous Vapours and Olgreb's
                  | Toxic Radiance to your library.
  3708 | Temple   | Entered the Ecumenical Temple
  3940 | D:5      | Entered Level 5 of the Dungeon
  3971 | D:5      | Reached skill level 2 in Ice Magic
  3983 | D:5      | Reached skill level 5 in Transmutations
  3995 | D:5      | Reached skill level 4 in Spellcasting
  4027 | D:5      | Reached skill level 3 in Ice Magic
  4091 | D:5      | Reached XP level 8. HP: 54/54 MP: 6/14
  4678 | D:6      | Reached skill level 6 in Transmutations
  4684 | D:6      | Reached skill level 4 in Ice Magic
  4692 | D:6      | Reached skill level 5 in Unarmed Combat
  5542 | D:6      | You pick up a book of Burglary and begin reading...
  5542 | D:6      | You add the spells Passwall, Ensorcelled Hibernation and
                  | Swiftness to your library.
  5601 | D:6      | Reached skill level 5 in Ice Magic
  5601 | D:6      | Gained mutation: You are partially covered in molten
                  | scales. (AC +2) [demonic ancestry]
  5601 | D:6      | Reached XP level 9. HP: 59/59 MP: 11/16
  5691 | D:7      | Noticed Joseph
  5712 | D:7      | Found a transporter.
  5732 | D:7      | Noticed a kobold demonologist
  5733 | D:7      | Reached skill level 5 in Spellcasting
  5735 | D:7      | Reached skill level 7 in Transmutations
  5805 | D:7      | You pick up a book of Vapours and begin reading...
  5805 | D:7      | You add the spells Cigotuvi's Dreadful Rot and Mephitic
                  | Cloud to your library.
  5857 | D:7      | Found Azarohir's Lightly-Used Armoury.
  5943 | D:7      | Killed Joseph
  5944 | D:7      | Reached skill level 6 in Ice Magic
  5978 | D:7      | Found a transporter.
  5999 | D:7      | HP: 15/70 [wyvern (7)]
  6000 | D:7      | HP: 7/70 [wyvern (3)]
  6001 | D:7      | Slain by a gnoll

Vanquished Creatures
  Joseph (D:7)
  A steam dragon (D:7)
  Menkaure (D:4)
  Edmund (D:4)
  2 water moccasins (D:6)
  A sky beast (D:7)
  A black bear (D:7)
  2 ice beasts (D:7)
  5 ogres
  2 centaurs (D:7)
  2 bullfrogs
  2 necrophages
  6 scorpions
  6 killer bees (D:7)
  5 hounds
  2 jellies
  3 orc priests
  A gnoll bouda (D:5)
  3 iguanas
  3 orc wizards
  Robin (D:2)
  5 gnolls (D:5)
  3 adders
  A white imp (D:7)
  2 ufetubi
  A worm (D:4)
  3 dart slugs
  18 orcs
  8 endoplasms
  9 giant cockroaches
  18 goblins
  7 hobgoblins
  A quokka (D:1)
  7 ball pythons
  6 bats
  3 frilled lizards
  9 kobolds
  6 rats
158 creatures vanquished.

Vanquished Creatures (others)
  8 plants (D:4)
8 creatures vanquished.

Grand Total: 166 creatures vanquished

Table legend:
 A = Non-vault XP
 B = Vault XP
 C = Vault XP percentage of total XP
 D = Non-vault monster count
 E = Vault monster count
 F = Vault count percentage of total count
                 A         B        C        D         E       F
            +---------+---------+-------+---------+---------+-------
      Total |    3991 |     777 |  16.3 |     141 |      17 |  10.8
            +---------+---------+-------+---------+---------+-------
        D:1 |      46 |       6 |  11.5 |      28 |       3 |   9.7
        D:2 |      40 |      35 |  46.7 |      17 |      11 |  39.3
        D:3 |     170 |       0 |   0.0 |      14 |       0 |   0.0
        D:4 |     315 |     261 |  45.3 |      17 |       2 |  10.5
        D:5 |     941 |       0 |   0.0 |      29 |       0 |   0.0
        D:6 |    1093 |       0 |   0.0 |      20 |       0 |   0.0
        D:7 |    1386 |     475 |  25.5 |      16 |       1 |   5.9
            +---------+---------+-------+---------+---------+-------

Illustrated notes

Table legend:
 A = Kills in this place as a percentage of kills in entire the game.
 B = Kills by you in this place as a percentage of kills by you in the entire game.
 C = Kills by friends in this place as a percentage of kills by friends in the entire game.
 D = Other kills in this place as a percentage of other kills in the entire game.
 E = Experience gained in this place as a percentage of experience gained in the entire game.
 F = Experience gained in this place divided by the number of levels of this place that you have seen.
                   A       B       C       D       E      F
               +-------+-------+-------+-------+-------+----------------------
         Total | 100.0 | 100.0 |   N/A |   N/A | 100.0 | 596.0
       Dungeon | 100.0 | 100.0 |   N/A |   N/A | 100.0 | 681.1
               +-------+-------+-------+-------+-------+----------------------

Table legend: (Time is in decaauts)
 A = Elapsed time spent in this place.
 B = Non-inter-level travel time spent in this place.
 C = Inter-level travel time spent in this place.
 D = Time resting spent in this place.
 E = Time spent auto-exploring this place.
 F = Levels seen in this place.
 G = Mean time per level.
                   A        B        C        D        E       F      G
               +--------+--------+--------+--------+--------+-----+--------+
         Total |   6064 |   5855 |    209 |     74 |   4697 |   8 |  758.0 |
       Dungeon |   5862 |   5677 |    185 |     74 |   4525 |   7 |  837.4 |
        Temple |    202 |    179 |     23 |      0 |    172 |   1 |  202.0 |
               +--------+--------+--------+--------+--------+-----+--------+

Top non-repeatable levels by time:
     D:4: 1105 daAuts
     D:6: 1087 daAuts
     D:1: 965 daAuts
     D:3: 886 daAuts
     D:2: 807 daAuts
     D:5: 716 daAuts
     D:7: 291 daAuts
  Temple: 202 daAuts
